 Dungeon Crawl Stone Soup version 0.29-a0-1009-g60c99734e7 (webtiles) character file.

Game seed: 10913176913472758890

142 Pooter the Caller (level 5, -3/28 HPs)
             Began as a Gargoyle Summoner on Aug 9, 2022.
             Slain by Grinder (5 damage)
             ... on level 3 of the Dungeon.
             The game lasted 00:29:24 (3368 turns).

Pooter the Caller (Gargoyle Summoner)               Turns: 3368, Time: 00:29:25

Health: -3/28      AC:  6    Str: 11    XL:     5   Next: 24%
Magic:  9/9        EV: 11    Int: 18    God:
Gold:   73         SH:  0    Dex: 10    Spells: 1/10 levels left

rFire   . . .      SeeInvis .   a - +0 flail
rCold   . . .      Faith    .   (no shield)
rNeg    + . .      Spirit   .   d - +0 robe
rPois   ∞          Reflect  .   (no helmet)
rElec   +          Harm     .   (no cloak)
rCorr   .          Rampage  .   (no gloves)
Will    .....                   (no boots)
Stlth   ++........              (no amulet)
HPRegen 0.09/turn               (no ring)
MPRegen 0.11/turn               (no ring)

@: no status effects
A: sickness immunity, AC +4, negative energy resistance 1, electricity
resistance, torment resistance 1, petrification resistance
a: no special abilities


You were on level 3 of the Dungeon.
You visited 1 branch of the dungeon, and saw 3 of its levels.

You collected 73 gold pieces.

Inventory:

Hand Weapons
 a - a +0 flail (weapon)
   (You took it off a gnoll on level 2 of the Dungeon)
 b - a +0 sling
   (You found it on level 1 of the Dungeon)
 g - a +0 dagger
   (You took it off a goblin on level 1 of the Dungeon)
 k - a +0 short sword
   (You found it on level 1 of the Dungeon)
Missiles
 o - 3 atropa-tipped darts
 Q - 8 stones (quivered)
Armour
 c - a +0 leather armour
   (You found it on level 1 of the Dungeon)
 d - a +0 robe (worn)
Scrolls
 h - 2 scrolls of enchant armour
 m - a scroll of noise {!r}
 t - a scroll of teleportation {@r4}
Potions
 f - a potion of magic
 i - a potion of haste {unknown}
 j - 3 potions of mutation {!q}
 l - a potion of invisibility {unknown}
 n - a potion of flight {unknown}


   Skills:
 - Level 1.5 Dodging
 - Level 2.1 Stealth
 + Level 3.1 Spellcasting
 * Level 1.0 Hexes
 + Level 5.0 Summonings


You had one spell level left.
You knew the following spells:

 Your Spells              Type           Power      Damage    Failure   Level
a - Summon Small Mammal   Summ           84%        N/A       1%          1
b - Call Imp              Summ           21%        N/A       3%          2
c - Call Canine Familiar  Summ           21%        N/A       6%          3
d - Summon Guardian Gole  Hex/Summ       13%        N/A       14%         3

Your spell library contained the following spells:

 Spells                   Type           Power      Damage    Failure   Level
 Beastly Appendage        Tmut           4%         N/A       16%         1
 Wereblood                Tmut           2%         N/A       24%         2
 Conjure Flame            Conj/Fire      2%         6-21      43%         3
 Ignite Poison            Fire/Tmut/Pois 2%         N/A       43%         3
 Spider Form              Tmut/Pois      2%         N/A       43%         3
 Summon Lightning Spire   Summ/Air       11%        N/A       50%         4
 Sticky Flame             Conj/Fire      2%         2d3       85%         4


Dungeon Overview and Level Annotations

Branches:
Dungeon (3/15)

Altars:
Uskayaw

Shops:
D:1 :

Annotations:
D:3 Grinder


Innate Abilities, Weirdness & Mutations

You are immune to sickness and miasma.
Your stone body is resilient. (AC +4)
You are immune to poison.
You resist negative energy. (rN+)
You are resistant to electric shocks. (rElec)
You are resistant to unholy torment.
You are immune to petrification.


Message History

r - Retreat! s - Stop attacking. g - Guard the area. f - Follow me.
Anything else - Cancel.
Gang up on whom?
Aim: Grinder (severely wounded, ally target) Attack!
Grinder hits your white imp!
Your white imp misses Grinder.
Grinder hits your white imp!
Your white imp dies!
Your white imp disappears in a puff of smoke!
Grinder hits you.
You see here an adder corpse.
You closely miss Grinder. Grinder hits you!
You writhe in agony.
* * * LOW HITPOINT WARNING * * *
Grinder hits you.
* * * LOW HITPOINT WARNING * * *
You writhe in agony.
* * * LOW HITPOINT WARNING * * *
You hit Grinder. Grinder gestures at you. Pain shoots through your body!
* * * LOW HITPOINT WARNING * * *
Unknown command.
You are confused.
You feel invigorated. Grinder hits you but does no damage.
You closely miss Grinder. Your punch misses Grinder. Grinder hits you!
* * * LOW HITPOINT WARNING * * *
You bump into the rock wall.
Grinder blinks!
Unknown command.
You start resting.
You feel less invigorated.
You feel less confused.
You closely miss Grinder. You punch Grinder.
Grinder blinks!
Grinder hits you.
You writhe in agony.
You see here an adder corpse.
You barely miss Grinder. Grinder closely misses you.
You closely miss Grinder. Grinder hits you!
You writhe in agony.
* * * LOW HITPOINT WARNING * * *
Grinder gestures at you. Pain shoots through your body!
* * * LOW HITPOINT WARNING * * *
You hit Grinder. Grinder closely misses you.
You closely miss Grinder. Grinder gestures at you.
Pain shoots through your body!
* * * LOW HITPOINT WARNING * * *
Unknown command.
You hit Grinder. Grinder hits you but does no damage.
Grinder closely misses you.
You hit Grinder. Grinder hits you.
You die...

### ############.##
#..........@#§#
######.##########5##
.......# #.#
########
#.####.######
#........h..#
######.####§# #.# .#
#.# .# #.# .5


You could see Grinder.

Vanquished Creatures
  An adder (D:3)
  3 ball pythons
  2 bats (D:1)
  An endoplasm (D:2)
  A giant cockroach (D:2)
  2 hobgoblins
  A frilled lizard (D:2)
  4 rats
15 creatures vanquished.

Vanquished Creatures (collateral kills)
  4 gnolls
  3 adders
  A worm (D:2)
  3 dart slugs (D:1)
  An orc (D:2)
  A ball python (D:2)
  5 bats
  3 endoplasms
  3 giant cockroaches
  5 goblins
  4 hobgoblins
  3 quokkas
  4 frilled lizards
  2 kobolds
  2 rats
44 creatures vanquished.

Grand Total: 59 creatures vanquished

Notes
Turn   | Place    | Note
-------+----------+-------------------------------------------
     0 | D:1      | Pooter the Gargoyle Summoner began the quest for the Orb.
     0 | D:1      | Reached XP level 1. HP: 10/10 MP: 3/3
   189 | D:1      | Reached XP level 2. HP: 9/15 MP: 1/5
   437 | D:1      | Reached skill level 4 in Summonings
   668 | D:1      | Learned a level 2 spell: Call Imp
   856 | D:1      | Reached XP level 3. HP: 15/19 MP: 2/6
   918 | D:1      | Learned a level 3 spell: Call Canine Familiar
  1159 | D:1      | Found Umeiptau's Book Shop.
  1464 | D:2      | Reached XP level 4. HP: 24/24 MP: 3/8
  2197 | D:2      | Found a hide-covered altar of Uskayaw.
  2226 | D:2      | Learned a level 3 spell: Summon Guardian Golem
  2348 | D:2      | Found a faded altar of an unknown god.
  2547 | D:2      | Reached skill level 5 in Summonings
  2747 | D:2      | Reached XP level 5. HP: 13/28 MP: 2/9
  3177 | D:3      | Reached skill level 1 in Hexes
  3305 | D:3      | Noticed Grinder
  3368 | D:3      | Slain by Grinder

Illustrated notes

Levels and vault maps discovered:
D:1:      dpeg_arrival_pits, layout_loops_ring, serial_shops, shop,
          eino_curves_03
D:2:      layout_rooms, basic_altar, chequers_ecumenical_altar_simple,
          serial_corexii_hall, chequers_hall_statues_y,
          chequers_hall_statues_wall_a, lemuel_flame_loot_1
D:3:      layout_loops_ring, roderic_lattice_a, minmay_misc_feat_ornament,
          uniq_grinder

Skill      XL: |  1  2  3  4  5 |
---------------+----------------+-----
Summonings     | 4 5 |  5.0
Spellcasting   | 3 |  3.1
Hexes          | 1 |  1.0
Dodging        | |  1.5
Stealth        | |  2.1

Action                   |  1- 3 |  4- 6 || total
-------------------------+-------+-------++-------
Melee: Dagger            |    11 |       ||    11
       Unarmed           |     4 |       ||     4
       Short sword       |     3 |     5 ||     8
       Flail             |       |    27 ||    27
       Punch             |       |     1 ||     1
 Fire: Sling             |    10 |    23 ||    33
Throw: Stone             |       |     6 ||     6
 Cast: Summon Small Mamm |    17 |     3 ||    20
       Call Imp          |     6 |     9 ||    15
       Call Canine Famil |     1 |    11 ||    12
  Use: Scroll            |       |     5 ||     5
       Potion            |       |     1 ||     1
Armor: Robe              |    15 |    29 ||    44
Dodge: Dodged            |    13 |    27 ||    40

Table legend: (Time is in decaauts)
 A = Elapsed time spent in this place.
 B = Non-inter-level travel time spent in this place.
 C = Inter-level travel time spent in this place.
 D = Time resting spent in this place.
 E = Time spent auto-exploring this place.
 F = Levels seen in this place.
 G = Mean time per level.
                   A        B        C        D        E       F      G
               +--------+--------+--------+--------+--------+-----+--------+
         Total |   3382 |   3255 |    127 |    924 |   1667 |   3 | 1127.3 |
       Dungeon |   3382 |   3255 |    127 |    924 |   1667 |   3 | 1127.3 |
               +--------+--------+--------+--------+--------+-----+--------+

Top non-repeatable levels by time:
     D:1: 1648 daAuts
     D:2: 1288 daAuts
     D:3: 446 daAuts
